 Dungeon Crawl Stone Soup version 0.28.0-45-g0d030f2227 (webtiles) character file.

Game seed: 13850540197785339685

1624 Icepheonix32 the Arsonist (level 8, -15/41 HPs)
             Began as a Tengu Fire Elementalist on Apr 16, 2022.
             Killed from afar by a gargoyle (20 damage)
             ... with a stone arrow
             ... on level 5 of the Dungeon.
             The game lasted 00:11:40 (7270 turns).

Icepheonix32 the Arsonist (Tengu Fire Elementalist) Turns: 7270, Time: 00:11:41

Health: -15/41     AC:  3    Str: 10    XL:     8   Next: 97%
Magic:  2/12       EV: 15    Int: 17    God:
Gold:   223        SH:  0    Dex: 14    Spells: 3/11 levels left

rFire   + . .      SeeInvis .   j - +1 falchion (holy)
rCold   + . .      Faith    .   (no shield)
rNeg    . . .      Spirit   .   g - +0 leather armour
rPois   .          Reflect  .   (helmet restricted)
rElec   .          Harm     .   k - scarf {rC+ rF+}
rCorr   .          Rampage  .   (no gloves)
Will    .....                   (boots unavailable)
Stlth   ++........              (no amulet)
HPRegen 0.13/turn               (no ring)
MPRegen 0.13/turn               (no ring)

@: flying quickly and evasively, quick
A: beak, talons 3, nimble flight
a: no special abilities


You were on level 5 of the Dungeon.
You visited 1 branch of the dungeon, and saw 7 of its levels.
You also visited: Sewer.

You collected 223 gold pieces.

Inventory:

Hand Weapons
 c - a +0 hand axe
 h - a +1 short sword of speed
 j - a +1 falchion of holy wrath (weapon)
 m - a +1 vampiric whip
 x - a +1 falchion of freezing
 z - a +0 long sword of holy wrath
Missiles
 b - 2 silver javelins
 e - 3 boomerangs
 t - a throwing net
 w - 6 poisoned darts
Armour
 a - a +0 robe
 d - a +0 ring mail
 g - a +0 leather armour (worn)
 k - a scarf of resistance (worn)
 n - a +0 buckler
 r - a +0 ring mail
Jewellery
 u - an amulet of faith
Wands
 q - a wand of charming (11)
 B - a wand of digging (6)
Scrolls
 f - 3 scrolls of blinking
 i - 2 scrolls of amnesia
 l - 4 scrolls of teleportation
 s - a scroll of identify
 y - a scroll of immolation {unknown}
Potions
 o - a potion of haste
 p - 3 potions of heal wounds
 v - a potion of brilliance {unknown}
 A - a potion of cancellation {unknown}


   Skills:
 + Level 3.8 Dodging
 - Level 2.0 Stealth
 - Level 2.0 Spellcasting
 + Level 7.0 Conjurations
 * Level 2.0 Hexes
 * Level 5.1 Summonings
 + Level 8.6 Fire Magic


You had 3 spell levels left.
You knew the following spells:

 Your Spells              Type           Power      Damage    Failure   Level
a - Foxfire               Conj/Fire      100%       2x1d9     1%          1
b - Scorch                Fire           62%        2d8       1%          2
c - Call Imp              Summ           19%        N/A       4%          2
d - Inner Flame           Hex/Fire       20%        N/A       9%          3

Your spell library contained the following spells:

 Spells                   Type           Power      Damage    Failure   Level
 Magic Dart               Conj           100%       1d8       1%          1
 Searing Ray              Conj           50%        2d6       2%          2
 Conjure Flame            Conj/Fire      28%        6-21      3%          3
 Slow                     Hex            32%        N/A       11%         1
 Beastly Appendage        Tmut           2%         N/A       26%         1
 Mephitic Cloud           Conj/Pois/Air  9%         N/A       30%         3
 Confusing Touch          Hex            8%         N/A       32%         3
 Wereblood                Tmut           1%         N/A       36%         2
 Spider Form              Tmut/Pois      1%         N/A       61%         3
 Vampiric Draining        Necr           1%         2d6       61%         3
 Flame Wave               Conj/Fire      28%        2d8       11%         4
 Fulminant Prism          Conj/Hex       8%         3d7       36%         4


Dungeon Overview and Level Annotations

Branches:
Dungeon (7/15)             Temple (0/1) D:5           Sewer (visited)

Altars:
Vehumet
The Shining One

Annotations:
D:6 3 runed translucent doors, Soldner's ghost, novice MiBe


Innate Abilities, Weirdness & Mutations

You have a beak for a mouth.
You have claws for feet.
Your magical nature lets you fly swiftly and evasively.


Message History

Your foxfire dissipates!
The foxfire hits the gargoyle but does no damage.
You conjure some foxfire!
The foxfire hits the hound skeleton.
The hound skeleton is lightly damaged.
The foxfire hits the gargoyle but does no damage.
The foxfire hits the hound skeleton.
The hound skeleton is lightly damaged.
You conjure some foxfire!
The foxfire hits the hound skeleton!
The hound skeleton is heavily damaged.
Unknown command.
Casting: Foxfire (safe; 1% risk of failure)
Confirm with . or Enter, or press ? or * to list all spells.
Flames lash the hound skeleton.
You destroy the hound skeleton!
The foxfire hits the gargoyle but does no damage. x3
Unknown command.
Casting: Scorch (safe; 1% risk of failure)
Confirm with . or Enter, or press ? or * to list all spells.
Flames lash the gargoyle but do no damage.
The gargoyle misses you.
Unknown command.
Casting: Scorch (safe; 1% risk of failure)
Confirm with . or Enter, or press ? or * to list all spells.
You don't have enough magic to cast this spell.
Unknown command.
You hit the gargoyle but do no damage. The gargoyle misses you.
The gargoyle barely misses you.
You hit the gargoyle but do no damage.
You claw the gargoyle, but do no damage.
Your peck misses the gargoyle.
The gargoyle hurls a stone arrow at you.
The stone arrow hits you!!
You barely miss the gargoyle. You peck the gargoyle.
The gargoyle is lightly damaged.
The gargoyle hurls a stone arrow at you.
The stone arrow hits you!
* * * LOW HITPOINT WARNING * * *
The gargoyle hurls a stone arrow at you.
The stone arrow hits you!!
You die...

... .... ..... ###
.....#### ##.#####
........# #...##.##
........## ###.......###
..##.9.# ##....#....#..
......#..####.............
......##.@#.#..#..........
...P...##......####...PPP.
......[......####....P.PP.
...P......#...# ##...P..P†
..........#..#####...PPPP.
...P...#..........#.......
........#..#######.........
P...P......#.....#.........
...........#.....#....PPPP.


You could see a gargoyle.

Vanquished Creatures
  A water moccasin (D:5)
  An ice beast (D:7)
  2 sky beasts (D:5)
  An ogre (D:4)
  A phantom (D:5)
  Blork the orc (D:5)
  A kobold brigand (D:6)
  A wyvern zombie (D:7)
  A water moccasin zombie (D:5)
  3 scorpions
  A water moccasin skeleton (D:6)
  A bullfrog zombie (D:6)
  A hound (D:4)
  A bullfrog skeleton (D:6)
  A gnoll shaman (D:4)
  4 jellies
  2 orc wizards
  2 iguanas
  A hound skeleton (D:5)
  3 river rats (Sewer)
  7 adders
  5 gnolls (D:4)
  A white imp (D:7)
  4 worms
  4 dart slugs
  9 orcs
  6 ball pythons
  5 bats
  12 endoplasms
  11 giant cockroaches
  6 goblins
  7 hobgoblins
  3 jackals (D:4)
  5 kobolds
  4 quokkas
  A frilled lizard (D:2)
  7 rats
127 creatures vanquished.

Vanquished Creatures (collateral kills)
  2 foxfires (D:5)
2 creatures vanquished.

Vanquished Creatures (others)
  414 foxfires
  3 fungi (D:3)
417 creatures vanquished.

Grand Total: 546 creatures vanquished

Notes
Turn   | Place    | Note
-------+----------+-------------------------------------------
     0 | D:1      | Icepheonix32 the Tengu Fire Elementalist began the quest
                  | for the Orb.
     0 | D:1      | Reached XP level 1. HP: 10/10 MP: 4/4
   182 | D:1      | Found a faded altar of an unknown god.
   277 | D:1      | Reached XP level 2. HP: 9/15 MP: 6/6
   791 | D:1      | Reached skill level 4 in Fire Magic
  1115 | D:2      | Reached XP level 3. HP: 19/19 MP: 3/7
  1570 | D:2      | Reached XP level 4. HP: 21/24 MP: 1/8
  1856 | D:2      | Learned a level 2 spell: Scorch
  1859 | D:2      | Learned a level 2 spell: Call Imp
  2269 | D:3      | Found a glowing golden altar of the Shining One.
  2602 | D:3      | Reached skill level 1 in Summonings
  2602 | D:3      | Reached skill level 5 in Fire Magic
  2602 | D:3      | Gained mutation: Your magical nature lets you fly swiftly
                  | and evasively. [Tengu growth]
  2602 | D:3      | Reached XP level 5. HP: 16/28 MP: 9/9
  2816 | D:3      | Found a glowing drain.
  2832 | Sewer    | Entered a sewer
  3454 | Sewer    | Reached XP level 6. HP: 32/32 MP: 4/10
  3522 | Sewer    | Found a viscous altar of Jiyva.
  4150 | D:4      | Reached skill level 6 in Fire Magic
  5016 | D:4      | Reached XP level 7. HP: 23/36 MP: 5/11
  5358 | D:5      | Entered Level 5 of the Dungeon
  5362 | D:5      | You are sucked into a shaft and drop 2 floors!
  5378 | D:7      | Reached skill level 5 in Conjurations
  5380 | D:7      | Reached skill level 7 in Fire Magic
  5385 | D:7      | Learned a level 3 spell: Inner Flame
  5716 | D:6      | Noticed Soldner's ghost (novice MiBe)
  5748 | D:6      | Found a runed translucent gate.
  5748 | D:6      | Found a runed translucent gate.
  5748 | D:6      | Found a runed translucent gate.
  6067 | D:6      | Reached XP level 8. HP: 30/41 MP: 0/12
  6376 | D:5      | Reached skill level 1 in Hexes
  6680 | D:5      | Reached skill level 8 in Fire Magic
  7009 | D:5      | Noticed Blork the orc
  7015 | D:5      | Killed Blork the orc
  7020 | D:5      | Reached skill level 5 in Summonings
  7024 | D:5      | Found a radiant altar of Vehumet.
  7209 | D:5      | Found a staircase to the Ecumenical Temple.
  7257 | D:5      | Noticed a gargoyle
  7270 | D:5      | Killed from afar by a gargoyle

Illustrated notes

Levels and vault maps discovered:
D:1:      minmay_arrival_hallway, layout_loops_ring,
          dreamdust_ecumenical_altar_grove, nrook_loot_triangle
D:2:      layout_basic, minmay_misc_feat_nine_boxes
D:3:      layout_loops_ring, mainiacjoe_overflow_cross_hatched,
          cheibrodos_sewer_entry_bend
D:4:      layout_loops_ring
D:5:      layout_cave_pools, amcnicky_altar_gilded, temple_hall, serial_park,
          serial_park_square2, serial_park_avenue1, serial_park_square3
          [serial_park_minivault_5x5_6], minmay_misc_feat_room,
          uniq_blork_the_orc
D:6:      layout_loops_ring, gammafunk_ghost_icy, uniq_edmund
D:7:      layout_basic, mainiacjoe_overflow_paths

Skill      XL: |  1  2  3  4  5  6  7  8 |
---------------+-------------------------+-----
Fire Magic     | 4 5 6 7 8 |  8.6
Conjurations   | 2 3 4 5 7 |  7.0
Summonings     | 1 2 3 4 5 |  5.1
Dodging        | 3 |  3.8
Hexes          | 2 |  2.0
Stealth        | |  2.0
Spellcasting   | |  2.0

Action                   |  1- 3 |  4- 6 |  7- 9 || total
-------------------------+-------+-------+-------++-------
Melee: Hand axe          |    19 |       |       ||    19
       Short sword       |    16 |    34 |       ||    50
       Peck              |     7 |     6 |     9 ||    22
       Kick              |     6 |    12 |    21 ||    39
       Punch             |       |     1 |       ||     1
       Falchion          |       |    11 |    38 ||    49
 Cast: Foxfire           |    39 |   140 |    80 ||   259
       Scorch            |       |    15 |    18 ||    33
       Call Imp          |       |     1 |     5 ||     6
  Use: Scroll            |       |     4 |     2 ||     6
       Potion            |       |     4 |       ||     4
 Stab: Sleeping          |     2 |       |       ||     2
Armor: Robe              |     4 |       |       ||     4
       Leather armour    |     4 |    10 |     7 ||    21
Dodge: Dodged            |    27 |    34 |    46 ||   107
